 Dungeon Crawl Stone Soup version 0.17-a0-1718-g72dbe4d (webtiles) character file.

473 dearth the Shield-Bearer (level 6, -9/56 HPs)
             Began as a Minotaur Fighter on Aug 27, 2015.
             Killed from afar by KambridgeKobold's ghost (19 damage)
             ... with a spray of energy
             ... on level 5 of the Dungeon.
             The game lasted 00:07:09 (3406 turns).

dearth the Shield-Bearer (Minotaur Fighter)         Turns: 3406, Time: 00:07:09

Health: -9/56      AC:  7    Str: 27    XL:     6   Next: 83%
Magic:  5/5        EV:  8    Int:  5    God:
Gold:   150        SH:  0    Dex: 10    Spells: 0 memorised, 5 levels left

rFire  . . .     SeeInvis .     a - +0 flail
rCold  . . .     Clarity  .     b - +0 scale mail
rNeg   . . .     SustAt   .     c - +0 shield
rPois  .         Gourm    .     (helmet restricted)
rElec  .         Spirit   .     (no cloak)
rCorr  .         Warding  .     (no gloves)
rMut   .         Stasis   .     (no boots)
MR     .....                    (no amulet)
Stlth  ..........               (no ring)
                                (no ring)

@: confused, mighty, glowing, not resistant to hostile enchantments, extremely
unstealthy
A: retaliatory headbutt, horns 2
a: no special abilities


You were on level 5 of the Dungeon.
You were not hungry.

You visited 1 branch of the dungeon, and saw 5 of its levels.

You collected 150 gold pieces.

Inventory:

Hand weapons
 a - a +0 flail (weapon)
Armour
 b - a +0 scale mail (worn)
 c - a +0 shield (worn)
Jewellery
 k - an uncursed ring of positive energy {unknown}
 p - an uncursed ring of poison resistance {unknown}
Scrolls
 f - 9 scrolls of identify {unknown}
 g - a scroll of recharging {unknown}
 l - a scroll of blinking {unknown}
 m - 4 scrolls of remove curse {unknown}
 r - a scroll of teleportation {unknown}
Potions
 d - a potion of might
 h - a potion of flight {unknown}
 i - 2 potions of haste {unknown}
 j - a potion of agility {unknown}
 o - a potion of brilliance {unknown}
 q - 3 potions of lignification {unknown}
 s - a potion of curing {unknown}
 t - a potion of invisibility {unknown}
Comestibles
 e - 4 bread rations


   Skills:
 + Level 5.5 Fighting
 * Level 5.3 Maces & Flails
 + Level 5.2 Armour
 + Level 5.6 Shields


You had 5 spell levels left.
You didn't know any spells.

Dungeon Overview and Level Annotations

Branches:
Dungeon (5/15)
 Temple: D:4-7

Altars:
Gozag
Zin

Annotations:
D:5 KambridgeKobold's ghost, experienced SpEn


Innate Abilities, Weirdness & Mutations

You reflexively headbutt those who attack you in melee.
You have a pair of horns on your head.


Message History

You fall asleep.
KambridgeKobold's ghost hits you but does no damage.
KambridgeKobold's ghost hits you!
You wake up.
You feel less confused.
KambridgeKobold's ghost gestures at you while chanting.
You resist with significant effort.
You block KambridgeKobold's ghost's attack.
You miss KambridgeKobold's ghost.
Your headbutt misses KambridgeKobold's ghost.
KambridgeKobold's ghost casts a spell at you.
The spray of energy hits you!
* * * LOW HITPOINT WARNING * * *
You are confused.
You're too confused to move!
KambridgeKobold's ghost hits you.
* * * LOW HITPOINT WARNING * * *
You miss KambridgeKobold's ghost. KambridgeKobold's ghost hits you.
* * * LOW HITPOINT WARNING * * *
KambridgeKobold's ghost casts a spell at you.
The spray of energy hits you!
You die...

######
#....#
#....#
#@W..#
#.<..#
#.......?.#
#..>..##...
#......# .
#........
#..#######
#..# #..#


You could see KambridgeKobold's ghost.

Vanquished Creatures
  A sky beast (D:5)
  A scorpion (D:3)
  2 centaur skeletons (D:4)
  2 worker ants (D:4)
  A giant frog skeleton (D:4)
  A hound skeleton (D:4)
  3 gnolls (D:4)
  7 adders
  An ooze (D:3)
  An adder skeleton (D:4)
  2 worms (D:2)
  2 orcs (D:4)
  3 ball pythons
  8 giant cockroaches
  7 goblins
  9 hobgoblins
  6 jackals
  4 quokkas (D:2)
  10 bats
  A giant gecko (D:1)
  A giant gecko skeleton (D:4)
  6 giant newts
  A jackal skeleton (D:5)
  4 kobolds
  8 rats
92 creatures vanquished.

Notes
Turn   | Place    | Note
--------------------------------------------------------------
     0 | D:1      | dearth the Minotaur Fighter began the quest for the Orb.
     0 | D:1      | Reached XP level 1. HP: 19/19 MP: 0/0
   109 | D:1      | Reached XP level 2. HP: 27/27 MP: 1/1
   283 | D:1      | Reached skill level 4 in Armour
   432 | D:1      | Reached XP level 3. HP: 33/33 MP: 2/2
  1001 | D:2      | Reached XP level 4. HP: 25/40 MP: 3/3
  2204 | D:3      | Reached XP level 5. HP: 36/47 MP: 4/4
  2685 | D:4      | Reached skill level 5 in Shields
  2702 | D:4      | Reached skill level 5 in Fighting
  2876 | D:4      | Reached XP level 6. HP: 43/56 MP: 5/5
  3059 | D:4      | Reached skill level 5 in Armour
  3179 | D:4      | Reached skill level 5 in Maces & Flails
  3259 | D:4      | Found a glowing silver altar of Zin.
  3259 | D:4      | Found an opulent altar of Gozag.
  3352 | D:5      | Entered Level 5 of the Dungeon
  3391 | D:5      | Noticed KambridgeKobold's ghost (experienced SpEn)
  3406 | D:5      | Killed from afar by KambridgeKobold's ghost

Vault maps used:
D:1:      lightli_arrival_statuegarden
D:4:      grunt_temple_overflow_gold_and_silver, first_bread
D:5:      corexii_shantytown, serial_shops, shop, lemuel_tele_altar

Action                   |  1- 3 |  4- 6 || total
-------------------------+-------+-------++-------
Melee: Flail             |    70 |   145 ||   215
  Use: Potion            |       |     1 ||     1
  Eat: Chunk             |       |     2 ||     2
       Bread ration      |       |     1 ||     1
       Fruit             |       |     3 ||     3
